 Dungeon Crawl Stone Soup version 0.20.1-1-g8b1a95d (webtiles) character file.

77 rrRat the Gusty (level 4, -7/36 HPs)
             Began as a Draconian Air Elementalist on Nov 7, 2017.
             Killed by nerve-wracking pain
             ... invoked by an orc priest
              (8 damage)
             ... on level 3 of the Dungeon.
             The game lasted 00:10:35 (2549 turns).

rrRat the Gusty (Draconian Air Elementalist)        Turns: 2549, Time: 00:10:35

Health: -7/36      AC:  6    Str: 10    XL:     4   Next: 13%
Magic:  3/7        EV: 12    Int: 17    God:
Gold:   95         SH:  0    Dex: 11    Spells: 6/7 levels left

rFire    . . .     SeeInvis .   e - +0 short sword
rCold    . . .     Gourm    .   (no shield)
rNeg     . . .     Faith    .   (armour unavailable)
rPois    .         Spirit   .   (helmet restricted)
rElec    .         Reflect  .   (no cloak)
rCorr    .         Harm     .   (no gloves)
MR       .....                  m - +0 pair of boots
Stlth    ++........             k - amulet of magic regeneration
Regen    0.2/turn               (no ring)
MPRegen  0.2/turn               (no ring)

@: no status effects
A: unfitting armour, cold-blooded, AC +5
a: no special abilities


You were on level 3 of the Dungeon.
You were hungry.

You visited 1 branch of the dungeon, and saw 3 of its levels.

You collected 95 gold pieces.

Inventory:

Hand Weapons
 e - a +0 short sword (weapon)
Armour
 m - a +0 pair of boots (worn)
Jewellery
 k - an amulet of magic regeneration (around neck)
Scrolls
 i - a scroll of teleportation
 j - 2 scrolls of identify {unknown}
Potions
 c - 2 potions of heal wounds {unknown}
 d - a potion of invisibility {unknown}
 h - a potion of curing {unknown}
 l - a potion of might {unknown}
 o - a potion of haste {unknown}
Books
 a - a book of Air

   Spells                             Type                      Level
   a - Shock                          Conjuration/Air              1
   b - Swiftness                      Charms/Air                   2
   c - Static Discharge               Conjuration/Air              3
   d - Airstrike                      Air                          4
   e - Lightning Bolt                 Conjuration/Air              5
Comestibles
 b - 4 bread rations
 f - 2 royal jellies
 g - 3 fruits


   Skills:
 * Level 1.8 Fighting
 + Level 1.2 Short Blades
 + Level 2.4 Dodging
 + Level 2.1 Stealth
 + Level 2.1 Spellcasting
 + Level 1.4 Conjurations
 + Level 3.3 Air Magic


You had 6 spell levels left.
You knew the following spells:

 Your Spells              Type           Power        Failure   Level  Hunger
a - Shock                 Conj/Air       #...         8%          1    #......


Dungeon Overview and Level Annotations

Branches:
Dungeon (3/15)

Altars:


Innate Abilities, Weirdness & Mutations

Your plain brown scales are hard. (AC +5)
You cannot fit into any form of body armour.
You are cold-blooded and may be slowed by cold attacks.


Message History

You barely miss the orc priest.
Your tail-slap misses the orc priest.
You closely miss the orc priest. The orc priest hits you with a trident!
* * * LOW HITPOINT WARNING * * *
You hit the orc priest.
The orc priest is moderately wounded.
The orc priest looks satisfied for a moment.
You barely miss the orc priest. You tail-slap the orc priest.
The orc priest is moderately wounded.
The orc priest hits you with a trident.
* * * LOW HITPOINT WARNING * * *
You closely miss the orc priest.
The orc priest is moderately wounded.
The orc priest hits you with a trident.
* * * LOW HITPOINT WARNING * * *
You barely miss the orc priest.
You tail-slap the orc priest, but do no damage.
The orc priest is moderately wounded.
The orc priest calls down the wrath of Beogh upon you.
Pain shoots through your body!
You die...

...######
#........
#........
#?.......
#......
....
#########o#
#>......)@#
#.#########
#.# #.# #.#
#.# #.# #.#
# #.#.#


You could see an orc priest.

Vanquished Creatures
  A worm (D:2)
  A dart slug (D:1)
  4 leopard geckos
  3 orcs (D:3)
  3 ball pythons
  9 bats
  2 giant cockroaches (D:2)
  5 goblins
  3 hobgoblins
  9 jackals (D:2)
  A quokka (D:3)
  6 frilled lizards
  9 kobolds
  3 rats
59 creatures vanquished.

Notes
Turn   | Place    | Note
-------+----------+-------------------------------------------
     0 | D:1      | rrRat the Draconian Air Elementalist began the quest for the Orb.
     0 | D:1      | Reached XP level 1. HP: 14/14 MP: 3/3
   265 | D:1      | Reached XP level 2. HP: 7/20 MP: 0/5
  1118 | D:1      | Reached XP level 3. HP: 25/27 MP: 6/6
  1248 | D:2      | Reached skill level 1 in Fighting
  1710 | D:2      | Reached skill level 1 in Short Blades
  2313 | D:2      | Reached XP level 4. HP: 36/36 MP: 7/7
  2548 | D:3      | HP: 1/36 [orc priest/trident (1)]
  2549 | D:3      | Killed from afar by an orc priest

Skill      XL: |  1  2  3  4 |
---------------+-------------+-----
Dodging        | 2 |  2.4
Fighting       | 1 |  1.8
Short Blades   | 1 |  1.2
Stealth        | 2 |  2.1
Spellcasting   | |  2.1
Conjurations   | |  1.4
Air Magic      | |  3.3

Action                   |  1- 3 |  4- 6 || total
-------------------------+-------+-------++-------
Melee: Unarmed           |    48 |       ||    48
       Short sword       |   175 |    15 ||   190
       Tailslap          |    13 |     2 ||    15
 Cast: Shock             |    11 |     8 ||    19
  Use: Scroll            |     1 |       ||     1
 Stab: Sleeping          |     2 |       ||     2
  Eat: Chunk             |     5 |       ||     5
Armor: Skin              |   113 |     9 ||   122
Dodge: Dodged            |   202 |    13 ||   215
